 Dungeon Crawl Stone Soup version 0.30-a0-459-g9104f0fc43 (webtiles) character file.

Game seed: 16798272332790235734

9 ytrimaz the Magician (level 2, -1/22 HPs)
             Began as a Djinni Fire Elementalist on Dec 15, 2022.
             Slain by a quokka (4 damage)
             ... on level 1 of the Dungeon.
             The game lasted 00:00:42 (354 turns).

ytrimaz the Magician (Djinni Fire Elementalist)      Turns: 354, Time: 00:00:43

Health: -1/22      AC:  2    Str:  7    XL:     2   Next: 20%
Gold:   27         EV: 12    Int: 16    God:
                   SH:  0    Dex: 13

rFire   + + .      SeeInvis .    (no weapon)
rCold   x . .      Faith    .    (no shield)
rNeg    . . .      Spirit   .    a - +0 robe
rPois   ∞          Reflect  .    (no helmet)
rElec   .          Harm     .    (no cloak)
rCorr   .          Rampage  .    (no gloves)
Will    .....                    (boots unavailable)
Stlth   ++........               (no amulet)
HPRegen 0.23/turn                (no ring)
MPRegen 0.00/turn                (no ring)

@: flying
A: sickness immunity, fire resistance 2, cold vulnerability 1, float, innate
caster, HP casting, extra vitality 1
a: no special abilities


You were on level 1 of the Dungeon.
You visited 1 branch of the dungeon, and saw 1 of its levels.

You collected 27 gold pieces.


Innate Abilities, Weirdness & Mutations

You are immune to sickness and miasma.
You are immune to poison.
Your flesh is very heat resistant. (rF++)
You are vulnerable to cold. (rC-)
You float through the air rather than walking.
You learn spells naturally, not from books.
Your magical power is your life essence.
You have superior vitality. (+4 MHP)


   Skills:
 + Level 0.7 Fighting
 - Level 2.1 Dodging
 - Level 1.5 Stealth
 * Level 2.7 Spellcasting


You couldn't memorise any spells.
You knew the following spells:

 Your Spells              Type           Power      Damage    Failure   Level
a - Foxfire               Conj/Fire      44%        2x1d6     6%          1
b - Scorch                Fire           22%        2d6       10%         2
c - Kindle Blastsparks    Fire/Tloc/Air  22%        2d11      19%         3
d - Inner Flame           Hex/Fire       11%        N/A       19%         3
e - Flame Wave            Conj/Fire      11%        2d6       52%         4
Your spell library was empty.

Inventory:

Armour
 a - a +0 robe (worn)
Scrolls
 c - a scroll of brand weapon {unknown}

Dungeon Overview and Level Annotations

Branches:
Dungeon (1/15) Zot: 5646

Altars:

### ..# ### #.# #.. #.#
#.# #.# ### #.# .
####.####.###.# .
#.....r@.#.##.#########.
###
#.##.####..........##...
..# #.##.#
#####.####...... #.#
#.##.########.#######.#†
#.#
#.##....................
#.#
#.######................
#.# #.#
#.#######.####.## #.#
#.# #.# #.# #.##
#.######.# #.# #.# #.##


You could see a quokka.


Message History

You take 1 damage, and now have 17/22 hp.
Unknown command.
c - a scroll labelled NOYTWI IRON 😎 HP[+5]
Your hp is fully restored (22).
You reach down and open the door.
There is an open door here.
You reach down and open the door.
There is an open door here.
You now have 27 gold pieces (gained 3).
There is an open door here.
As you open the door, it creaks loudly!
There is an open door here.
You see here a +0 short sword.
You see here a +0 short sword.
A quokka comes into view.
As you read the scroll labelled PEATSO OXYIBAW, it crumbles to dust.
A profound silence engulfs you.
It was a scroll of silence.
Unknown command.
You cannot cast spells when silenced!
The quokka attacks as you move away! The quokka bites you. 😕 HP[-3]
You take 3 damage, and now have 19/22 hp.
The quokka attacks as you move away! The quokka closely misses you.
You hit the quokka but do no damage. The quokka closely misses you.
The quokka barely misses you. 😕 HP[+1]
You closely miss the quokka. The quokka bites you. 😕 HP[-2]
You take 2 damage, and now have 18/22 hp.
Unknown command.
You barely miss the quokka. The quokka closely misses you.
You hit the quokka but do no damage. The quokka bites you. 😕 HP[-1]
You take 1 damage, and now have 17/22 hp.
You completely miss the quokka.
The quokka twitches its whiskers.
The quokka misses you. 😕 HP[+1] Unknown command.
You barely miss the quokka. The quokka barely misses you.
The quokka closely misses you.
You hit the quokka but do no damage. The quokka bites you. 😕 HP[-1]
You take 1 damage, and now have 17/22 hp.
You closely miss the quokka. The quokka closely misses you.
You hit the quokka but do no damage. The quokka closely misses you.
Unknown command.
You miss the quokka. The quokka bites you. 😮 HP[-1]
You take 1 damage, and now have 16/22 hp.
You barely miss the quokka. The quokka bites you.
The quokka bites you but does no damage. 😮 HP[-4]
You take 4 damage, and now have 12/22 hp.
You hit the quokka but do no damage. The quokka bites you.
* * * LOW HITPOINT WARNING * * *
😨 HP[-3]
You take 3 damage, and now have 9/22 hp.
You hit the quokka. You punch the quokka, but do no damage.
The quokka misses you.
Unknown command. 😨 HP[+1]
You aren't carrying any potions.
The quokka bites you.
* * * LOW HITPOINT WARNING * * *
😨 HP[-1]
You take 1 damage, and now have 9/22 hp.
The quokka attacks as you move away! The quokka closely misses you.
The quokka attacks as you move away! The quokka barely misses you. 😨 HP[+1]
The quokka attacks as you move away!
The quokka bites you but does no damage.
The quokka attacks as you move away! The quokka barely misses you.
The quokka bites you but does no damage.
The quokka attacks as you move away!
The quokka completely misses you. 😨 HP[+1]
The quokka bites you.
* * * LOW HITPOINT WARNING * * *
😨 HP[-3]
You take 3 damage, and now have 8/22 hp.
The quokka attacks as you move away!
The quokka bites you but does no damage.
The quokka bites you.
* * * LOW HITPOINT WARNING * * *
😨 HP[-1]
You take 1 damage, and now have 7/22 hp.
The quokka attacks as you move away! The quokka bites you.
* * * LOW HITPOINT WARNING * * *
😱 HP[-2]
You take 2 damage, and now have 5/22 hp.
The quokka attacks as you move away! The quokka bites you.
* * * LOW HITPOINT WARNING * * *
Your hearing returns.
You see here a ball python corpse. 😱 HP[-2]
You take 2 damage, and now have 3/22 hp.
Unknown command.
The quokka attacks as you move away! The quokka bites you.
You die...

Action                   || total
-------------------------++-------
Melee: Unarmed           ||    26
       Punch             ||     2
 Cast: Foxfire           ||    16
  Use: Scroll            ||     1
Armor: Robe              ||    11
Dodge: Dodged            ||    23

Levels and vault maps discovered:
D:1:      dpeg_arrival_radiant, layout_loops_ring, serial_shops, shop,
          nicolae_grassy_gnolls

Notes
Turn   | Place    | Note
-------+----------+-------------------------------------------
     0 | D:1      | ytrimaz the Djinni Fire Elementalist began the quest for
                  | the Orb.
     0 | D:1      | ytrimaz set off with the following spells memorised:
                  | Foxfire, Scorch, Kindle Blastsparks, Inner Flame, Flame
                  | Wave.
     0 | D:1      | Reached XP level 1. HP: 15/15 MP: 0/0
     0 | D:1      | magus.rc [v1.9.6]
   188 | D:1      | Reached XP level 2. HP: 18/22 MP: 0/0
   351 | D:1      | HP: 4/22 [quokka (3)]
   354 | D:1      | Slain by a quokka

Vanquished Creatures
  A dart slug (D:1)
  An endoplasm (D:1)
  A giant cockroach (D:1)
  A goblin (D:1)
  A ball python (D:1)
  A frilled lizard (D:1)
  A rat (D:1)
7 creatures vanquished.

Vanquished Creatures (others)
  17 foxfires (D:1)
17 creatures vanquished.

Grand Total: 24 creatures vanquished

Table legend:
 A = Non-vault XP
 B = Vault XP
 C = Vault XP percentage of total XP
 D = Non-vault monster count
 E = Vault monster count
 F = Vault count percentage of total count
                 A         B        C        D         E       F
            +---------+---------+-------+---------+---------+-------
      Total |      13 |       0 |   0.0 |       7 |       0 |   0.0
            +---------+---------+-------+---------+---------+-------
        D:1 |      13 |       0 |   0.0 |       7 |       0 |   0.0
            +---------+---------+-------+---------+---------+-------

Illustrated notes

Table legend:
 A = Kills in this place as a percentage of kills in entire the game.
 B = Kills by you in this place as a percentage of kills by you in the entire game.
 C = Kills by friends in this place as a percentage of kills by friends in the entire game.
 D = Other kills in this place as a percentage of other kills in the entire game.
 E = Experience gained in this place as a percentage of experience gained in the entire game.
 F = Experience gained in this place divided by the number of levels of this place that you have seen.
                   A       B       C       D       E      F
               +-------+-------+-------+-------+-------+----------------------
         Total | 100.0 | 100.0 |   N/A |   N/A | 100.0 |  13.0
       Dungeon | 100.0 | 100.0 |   N/A |   N/A | 100.0 |  13.0
               +-------+-------+-------+-------+-------+----------------------

Table legend: (Time is in decaauts)
 A = Elapsed time spent in this place.
 B = Non-inter-level travel time spent in this place.
 C = Inter-level travel time spent in this place.
 D = Time resting spent in this place.
 E = Time spent auto-exploring this place.
 F = Levels seen in this place.
 G = Mean time per level.
                   A        B        C        D        E       F      G
               +--------+--------+--------+--------+--------+-----+--------+
         Total |    354 |    354 |      0 |      0 |    256 |   1 |  354.0 |
       Dungeon |    354 |    354 |      0 |      0 |    256 |   1 |  354.0 |
               +--------+--------+--------+--------+--------+-----+--------+

Top non-repeatable levels by time:
     D:1: 354 daAuts
